3058 views
Uploaded 2020-03-17 13:31:13
Game version 1.32.2
21:36 long 4on4 ladder game on (8)Deadlock_LV
Saved by TALONSARIMBA
3058 views
Uploaded 2020-03-17 13:31:13
Game version 1.32.2
21:36 long 4on4 ladder game on (8)Deadlock_LV


150 units @ 20.7k
/ 3k
67 buildings @ 10k
/ 3.8k


| Healing Salve | 2 | 200 |
| total: | 2 | 200g |
| Peon | 12 | 900 | / | 0 |
| Troll Headhunter | 7 | 980 | / | 140 |
| Wind Rider | 10 | 2650 | / | 400 |
| Troll Batrider | 4 | 640 | / | 160 |
| total: | 33 | 5170g | / | 700w |
| Altar of Storms | 1 | 180 | / | 50 |
| Orc Burrow | 4 | 640 | / | 160 |
| War Mill | 1 | 205 | / | 0 |
| Barracks | 1 | 180 | / | 50 |
| Voodoo Lounge | 1 | 130 | / | 30 |
| Great Hall | 1 | 385 | / | 185 |
| Beastiary | 2 | 290 | / | 280 |
| Spirit Lodge | 1 | 150 | / | 150 |
| Stronghold | 1 | 315 | / | 190 |
| Fortress | 1 | 325 | / | 190 |
| total: | 12 | 2160g | / | 905w |
| 0:07 | Altar of Storms |
| 0:10 | Orc Burrow |
| 0:10 | Peon |
| 0:26 | War Mill |
| 0:37 | Peon |
| 1:06 | Barracks |
| 1:13 | Peon |
| 1:26 | Peon |
| 1:42 | Peon |
| 1:56 | Orc Burrow |
| 1:59 | Peon |
| 2:05 | War Stomp |
| 2:08 | Troll Headhunter |
| 2:23 | Voodoo Lounge |
| 2:36 | Troll Headhunter |
| 2:49 | Troll Headhunter |
| 3:02 | Troll Headhunter |
| 3:18 | Troll Headhunter |
| 3:27 | Peon |
| 3:46 | Orc Burrow |
| 4:21 | Stronghold |
| 4:55 | Troll Headhunter |
| 5:01 | Endurance Aura |
| 5:26 | Troll Headhunter |
| 6:22 | Great Hall |
| 6:31 | War Stomp |
| 6:45 | Healing Salve |
| 6:49 | Healing Salve |
| 6:52 | Beastiary |
| 6:54 | Beastiary |
| 7:06 | Peon |
| 7:16 | Steel Ranged Weapons |
| 7:22 | Fortress |
| 7:26 | Troll Regeneration |
| 8:31 | Reinforced Defenses |
| 8:51 | Hex |
| 8:55 | Orc Burrow |
| 8:57 | Peon |
| 8:57 | Peon |
| 8:57 | Peon |
| 8:58 | Peon |
| 10:24 | Envenomed Spears |
| 10:26 | Wind Rider |
| 10:50 | Wind Rider |
| 11:00 | Endurance Aura |
| 11:08 | Thorium Ranged Weapons |
| 11:10 | Spirit Lodge |
| 11:29 | Troll Batrider |
| 11:54 | Steel Armor |
| 12:17 | Healing Wave |
| 12:36 | Wind Rider |
| 12:38 | Thorium Armor |
| 12:58 | Troll Batrider |
| 13:29 | Troll Batrider |
| 13:47 | Troll Batrider |
| 14:31 | Wind Rider |
| 14:38 | Shaman Adept Training |
| 14:40 | Arcanite Armor |
| 15:04 | Wind Rider |
| 15:26 | Hex |
| 15:51 | Liquid Fire |
| 16:43 | Healing Wave |
| 16:47 | Wind Rider |
| 16:55 | War Stomp |
| 17:13 | Arcanite Ranged Weapons |
| 18:11 | Reincarnation |
| 18:49 | Hex |
| 18:52 | Wind Rider |
| 19:07 | Wind Rider |
| 19:30 | Endurance Aura |
| 19:45 | Wind Rider |
| 19:57 | Big Bad Voodoo |
| 20:07 | Wind Rider |
| 20:50 | Shaman Master Training |
| Right click | 1452 |
| Select group | 695 |
| Select | 641 |
| Chat | 503 |
| Misc. action | 280 |
| Build/train/purchase | 89 |
| Use ability | 40 |
| Assign group | 34 |
| Minimap ping | 13 |
| Esc | 3 |
| Item give/drop | 2 |
| Remove unit | 1 |



| Scroll of Regeneration | 4 | 400 |
| Lesser Clarity Potion | 3 | 210 |
| Scroll of Town Portal | 1 | 350 |
| Boots of Speed | 1 | 250 |
| Staff of Teleportation | 1 | 150 |
| total: | 10 | 1360g |
| Peasant | 13 | 975 | / | 0 |
| Mortar Team | 5 | 900 | / | 350 |
| Flying Machine | 12 | 1200 | / | 360 |
| total: | 30 | 3075g | / | 710w |
| Scout Tower | 6 | 180 | / | 120 |
| Arcane Tower | 2 | 140 | / | 100 |
| Guard Tower | 5 | 350 | / | 250 |
| Farm | 9 | 720 | / | 180 |
| Altar of Kings | 1 | 180 | / | 50 |
| Arcane Vault | 1 | 130 | / | 30 |
| Lumber Mill | 1 | 120 | / | 0 |
| Blacksmith | 1 | 140 | / | 60 |
| Town Hall | 2 | 770 | / | 410 |
| Workshop | 2 | 280 | / | 280 |
| Keep | 1 | 320 | / | 210 |
| Castle | 1 | 360 | / | 210 |
| total: | 23 | 2520g | / | 1130w |
| 0:11 | Peasant |
| 0:15 | Farm |
| 0:25 | Altar of Kings |
| 0:34 | Peasant |
| 0:38 | Peasant |
| 0:47 | Scout Tower |
| 0:49 | Peasant |
| 1:02 | Peasant |
| 1:13 | Farm |
| 1:22 | Arcane Tower |
| 1:24 | Peasant |
| 1:42 | Arcane Vault |
| 1:47 | Peasant |
| 2:08 | Blizzard |
| 2:14 | Peasant |
| 2:14 | Peasant |
| 2:18 | Scout Tower |
| 2:22 | Peasant |
| 2:53 | Peasant |
| 3:04 | Lumber Mill |
| 3:06 | Keep |
| 3:14 | Scout Tower |
| 3:23 | Scroll of Regeneration |
| 3:27 | Lesser Clarity Potion |
| 3:38 | Scroll of Regeneration |
| 3:45 | Guard Tower |
| 3:51 | Guard Tower |
| 4:23 | Farm |
| 4:25 | Improved Masonry |
| 4:46 | Scout Tower |
| 4:48 | Scout Tower |
| 4:59 | Farm |
| 5:14 | Boots of Speed |
| 5:14 | Staff of Teleportation |
| 5:19 | Guard Tower |
| 6:33 | Blacksmith |
| 6:51 | Flame Strike |
| 7:05 | Farm |
| 7:16 | Castle |
| 7:52 | Workshop |
| 8:03 | Improved Lumber Harvesting |
| 8:07 | Scroll of Regeneration |
| 8:08 | Lesser Clarity Potion |
| 8:12 | Lesser Clarity Potion |
| 8:43 | Workshop |
| 8:55 | Scout Tower |
| 9:12 | Mortar Team |
| 9:13 | Black Gunpowder |
| 9:36 | Brilliance Aura |
| 9:47 | Fragmentation Shards |
| 9:47 | Mortar Team |
| 10:07 | Siphon Mana |
| 10:13 | Mortar Team |
| 10:16 | Guard Tower |
| 10:19 | Farm |
| 10:47 | Mortar Team |
| 11:09 | Blizzard |
| 11:16 | Farm |
| 11:57 | Farm |
| 12:09 | Scroll of Regeneration |
| 12:15 | Farm |
| 12:19 | Flare |
| 12:23 | Rain of Fire |
| 13:17 | Flying Machine |
| 13:24 | Scroll of Town Portal |
| 13:47 | Flying Machine |
| 14:02 | Flying Machine |
| 14:15 | Flying Machine |
| 14:34 | Flame Strike |
| 15:15 | Flying Machine Bombs |
| 15:15 | Flak Cannons |
| 15:41 | Howl of Terror |
| 15:44 | Flying Machine |
| 16:36 | Flying Machine |
| 16:36 | Flying Machine |
| 16:36 | Flying Machine |
| 16:56 | Town Hall |
| 17:00 | Brilliance Aura |
| 17:45 | Flying Machine |
| 18:18 | Siphon Mana |
| 18:19 | Rain of Fire |
| 18:36 | Barrage |
| 18:37 | Iron Forged Swords |
| 18:46 | Flying Machine |
| 19:17 | Mortar Team |
| 19:47 | Town Hall |
| 20:25 | Flying Machine |
| 20:25 | Flying Machine |
| 21:19 | Peasant |
| 21:19 | Peasant |
| Right click | 991 |
| Assign group | 725 |
| Select group | 424 |
| Select | 182 |
| Chat | 130 |
| Build/train/purchase | 84 |
| Use ability | 43 |
| Minimap ping | 11 |
| Misc. action | 7 |
| Remove unit | 1 |


| Rod of Necromancy | 1 | 150 |
| Potion of Mana | 2 | 400 |
| Orb of Corruption | 1 | 375 |
| Scroll of Town Portal | 1 | 350 |
| total: | 5 | 1275g |
| Acolyte | 8 | 600 | / | 0 |
| Ghoul | 14 | 1680 | / | 0 |
| Crypt Fiend | 6 | 1290 | / | 240 |
| Gargoyle | 8 | 1400 | / | 240 |
| total: | 36 | 4970g | / | 480w |
| Nerubian Tower | 3 | 300 | / | 60 |
| Spirit Tower | 3 | 435 | / | 120 |
| Altar of Darkness | 1 | 180 | / | 50 |
| Ziggurat | 11 | 1650 | / | 550 |
| Crypt | 2 | 400 | / | 100 |
| Graveyard | 1 | 215 | / | 0 |
| Tomb of Relics | 1 | 130 | / | 30 |
| Sacrificial Pit | 1 | 75 | / | 150 |
| Halls of the Dead | 1 | 320 | / | 210 |
| Black Citadel | 1 | 325 | / | 230 |
| total: | 17 | 2650g | / | 880w |
| 0:05 | Acolyte |
| 0:05 | Acolyte |
| 0:08 | Altar of Darkness |
| 0:13 | Ziggurat |
| 0:41 | Crypt |
| 0:44 | Acolyte |
| 1:07 | Graveyard |
| 1:14 | Nerubian Tower |
| 1:32 | Ziggurat |
| 1:49 | Ghoul |
| 1:55 | Ghoul |
| 2:29 | Ghoul |
| 2:30 | Ghoul |
| 2:30 | Ghoul |
| 2:30 | Ghoul |
| 2:47 | Ziggurat |
| 2:58 | Frost Nova |
| 3:39 | Ghoul |
| 3:40 | Ghoul |
| 3:52 | Spirit Tower |
| 3:55 | Crypt Fiend |
| 4:05 | Tomb of Relics |
| 4:20 | Crypt Fiend |
| 5:25 | Halls of the Dead |
| 5:30 | Rod of Necromancy |
| 6:01 | Dark Ritual |
| 6:24 | Crypt Fiend |
| 6:40 | Crypt Fiend |
| 6:48 | Crypt |
| 6:52 | Ziggurat |
| 6:59 | Ziggurat |
| 7:19 | Spirit Tower |
| 7:46 | Potion of Mana |
| 7:50 | Nerubian Tower |
| 7:56 | Ghoul |
| 8:00 | Web |
| 8:47 | Gargoyle |
| 8:51 | Spirit Tower |
| 10:22 | Black Citadel |
| 10:30 | Gargoyle |
| 11:23 | Sacrificial Pit |
| 11:33 | Crypt Fiend |
| 11:51 | Potion of Mana |
| 12:15 | Ghoul |
| 12:43 | Acolyte |
| 12:43 | Acolyte |
| 12:44 | Acolyte |
| 12:46 | Acolyte |
| 13:11 | Ziggurat |
| 13:12 | Ziggurat |
| 13:41 | Gargoyle |
| 14:29 | Gargoyle |
| 14:30 | Gargoyle |
| 15:08 | Ziggurat |
| 15:10 | Ziggurat |
| 15:12 | Ziggurat |
| 15:14 | Ziggurat |
| 15:21 | Nerubian Tower |
| 15:27 | Stone Form |
| 15:28 | Ghoul Frenzy |
| 15:31 | Acolyte |
| 16:02 | Scroll of Town Portal |
| 16:24 | Frost Nova |
| 16:48 | Vampiric Aura |
| 17:25 | Gargoyle |
| 17:28 | Gargoyle |
| 17:51 | Orb of Corruption |
| 18:15 | Gargoyle |
| 18:46 | Carrion Swarm |
| 19:44 | Ghoul |
| 19:45 | Ghoul |
| 19:45 | Ghoul |
| 20:12 | Ghoul |
| 20:37 | Crypt Fiend |
| 21:28 | Sleep |
| Right click | 893 |
| Select group | 508 |
| Select | 193 |
| Build/train/purchase | 64 |
| Chat | 31 |
| Assign group | 25 |
| Use ability | 18 |
| Minimap ping | 2 |


| Healing Salve | 1 | 100 |
| total: | 1 | 100g |
| Peon | 10 | 750 | / | 0 |
| Grunt | 4 | 800 | / | 0 |
| Troll Headhunter | 21 | 2940 | / | 420 |
| Raider | 14 | 2520 | / | 560 |
| Wind Rider | 1 | 265 | / | 40 |
| Demolisher | 1 | 220 | / | 50 |
| total: | 51 | 7495g | / | 1070w |
| Altar of Storms | 1 | 180 | / | 50 |
| Orc Burrow | 8 | 1280 | / | 320 |
| Barracks | 1 | 180 | / | 50 |
| War Mill | 1 | 205 | / | 0 |
| Voodoo Lounge | 1 | 130 | / | 30 |
| Great Hall | 1 | 385 | / | 185 |
| Beastiary | 2 | 290 | / | 280 |
| Stronghold | 1 | 315 | / | 190 |
| Fortress | 1 | 325 | / | 190 |
| total: | 15 | 2650g | / | 915w |
| 0:07 | Altar of Storms |
| 0:09 | Orc Burrow |
| 0:11 | Peon |
| 0:25 | Peon |
| 0:43 | Peon |
| 0:51 | Peon |
| 1:02 | Barracks |
| 1:05 | Peon |
| 1:14 | Peon |
| 1:30 | War Mill |
| 1:44 | Peon |
| 1:50 | Orc Burrow |
| 2:12 | Grunt |
| 2:15 | Wind Walk |
| 2:25 | Voodoo Lounge |
| 2:47 | Grunt |
| 3:16 | Troll Headhunter |
| 3:28 | Stronghold |
| 4:02 | Grunt |
| 4:21 | Orc Burrow |
| 4:23 | Troll Headhunter |
| 4:26 | Spiked Barricades |
| 4:43 | Troll Headhunter |
| 4:50 | Steel Armor |
| 5:04 | Healing Salve |
| 5:18 | Orc Burrow |
| 5:31 | Grunt |
| 6:37 | Beastiary |
| 6:50 | Troll Headhunter |
| 6:54 | Orc Burrow |
| 7:05 | Healing Wave |
| 7:22 | Troll Headhunter |
| 7:28 | Beastiary |
| 8:03 | Raider |
| 8:23 | Orc Burrow |
| 8:34 | Orc Burrow |
| 8:39 | Raider |
| 8:41 | Raider |
| 8:54 | Steel Melee Weapons |
| 9:08 | Raider |
| 9:38 | Orc Burrow |
| 9:40 | Raider |
| 9:44 | Mirror Image |
| 10:32 | Hex |
| 10:46 | Raider |
| 11:30 | Troll Headhunter |
| 11:31 | Troll Headhunter |
| 11:31 | Troll Headhunter |
| 12:01 | Great Hall |
| 12:26 | Raider |
| 12:41 | Raider |
| 12:42 | Ensnare |
| 13:30 | Troll Headhunter |
| 13:53 | Raider |
| 14:23 | Healing Wave |
| 15:20 | Troll Headhunter |
| 15:20 | Troll Headhunter |
| 15:55 | Fortress |
| 15:58 | Peon |
| 15:59 | Peon |
| 15:59 | Peon |
| 16:50 | Mirror Image |
| 17:13 | Troll Headhunter |
| 17:14 | Raider |
| 17:48 | Troll Headhunter |
| 18:34 | Raider |
| 18:36 | Troll Headhunter |
| 18:36 | Troll Headhunter |
| 18:47 | Critical Strike |
| 19:31 | Wind Rider |
| 19:36 | Raider |
| 19:59 | Raider |
| 20:01 | Troll Headhunter |
| 20:01 | Troll Headhunter |
| 20:34 | Troll Headhunter |
| 20:43 | Raider |
| 20:45 | Troll Headhunter |
| 21:16 | Thorium Melee Weapons |
| 21:25 | Demolisher |
| 21:27 | Troll Headhunter |
| 21:27 | Troll Headhunter |
| Right click | 476 |
| Select group | 462 |
| Select | 313 |
| Build/train/purchase | 80 |
| Assign group | 35 |
| Use ability | 23 |
| Minimap ping | 5 |
| Remove unit | 4 |
146 units @ 17.6k
/ 1.5k
73 buildings @ 9k
/ 3.8k
| Peasant | 16 | 1200 | / | 0 |
| total: | 16 | 1200g | / | 0w |
| Scout Tower | 22 | 660 | / | 440 |
| Guard Tower | 10 | 700 | / | 500 |
| Farm | 2 | 160 | / | 40 |
| Lumber Mill | 1 | 120 | / | 0 |
| Tree of Life | 1 | 340 | / | 185 |
| total: | 26 | 1280g | / | 665w |
| 0:14 | Peasant |
| 0:14 | Peasant |
| 0:16 | Peasant |
| 0:20 | Farm |
| 0:23 | Farm |
| 0:25 | Peasant |
| 0:31 | Lumber Mill |
| 0:57 | Peasant |
| 0:57 | Peasant |
| 1:04 | Scout Tower |
| 1:06 | Scout Tower |
| 1:10 | Peasant |
| 1:36 | Guard Tower |
| 1:43 | Scout Tower |
| 1:44 | Scout Tower |
| 1:52 | Scout Tower |
| 1:54 | Scout Tower |
| 1:58 | Guard Tower |
| 2:02 | Scout Tower |
| 2:10 | Peasant |
| 2:10 | Peasant |
| 2:10 | Peasant |
| 2:16 | Improved Masonry |
| 2:16 | Advanced Masonry |
| 2:50 | Guard Tower |
| 2:57 | Guard Tower |
| 3:10 | Guard Tower |
| 3:24 | Scout Tower |
| 3:25 | Scout Tower |
| 3:28 | Peasant |
| 3:28 | Peasant |
| 4:01 | Scout Tower |
| 4:02 | Scout Tower |
| 4:05 | Scout Tower |
| 4:12 | Peasant |
| 4:13 | Peasant |
| 4:13 | Peasant |
| 4:13 | Peasant |
| 4:30 | Scout Tower |
| 4:33 | Scout Tower |
| 4:40 | Scout Tower |
| 4:42 | Scout Tower |
| 4:43 | Scout Tower |
| 4:48 | Guard Tower |
| 5:29 | Guard Tower |
| 5:41 | Guard Tower |
| 8:14 | Scout Tower |
| 8:19 | Scout Tower |
| 9:15 | Guard Tower |
| 13:51 | Scout Tower |
| 13:54 | Scout Tower |
| 13:55 | Scout Tower |
| 20:34 | Tree of Life |
| Chat | 118 |
| Right click | 84 |
| Select | 82 |
| Build/train/purchase | 34 |
| Resource trade | 32 |
| Misc. action | 2 |

| Potion of Healing | 1 | 150 |
| Scroll of Town Portal | 3 | 1050 |
| total: | 4 | 1200g |
| Wisp | 25 | 1500 | / | 0 |
| Archer | 24 | 3120 | / | 240 |
| Hippogryph | 12 | 1920 | / | 240 |
| total: | 61 | 6540g | / | 480w |
| Ancient Protector | 3 | 405 | / | 240 |
| Moon Well | 5 | 900 | / | 200 |
| Ancient of War | 2 | 300 | / | 120 |
| Altar of Elders | 1 | 180 | / | 50 |
| Hunter's Hall | 1 | 210 | / | 100 |
| Tree of Life | 1 | 340 | / | 185 |
| Ancient of Wonders | 1 | 90 | / | 30 |
| Ancient of Wind | 2 | 300 | / | 280 |
| Tree of Ages | 1 | 320 | / | 180 |
| Tree of Eternity | 1 | 330 | / | 200 |
| total: | 16 | 2725g | / | 1205w |
| 0:05 | Wisp |
| 0:05 | Wisp |
| 0:05 | Wisp |
| 0:05 | Wisp |
| 0:35 | Moon Well |
| 0:52 | Ancient of War |
| 1:01 | Wisp |
| 1:04 | Altar of Elders |
| 1:13 | Moon Well |
| 1:16 | Wisp |
| 1:29 | Wisp |
| 1:34 | Wisp |
| 1:49 | Wisp |
| 1:56 | Archer |
| 1:57 | Archer |
| 2:09 | Wisp |
| 2:21 | Black Arrow |
| 2:28 | Archer |
| 2:33 | Wisp |
| 2:35 | Wisp |
| 2:40 | Archer |
| 3:02 | Hunter's Hall |
| 3:07 | Archer |
| 3:30 | Moon Well |
| 4:00 | Silence |
| 4:14 | Tree of Ages |
| 4:29 | Tree of Life |
| 4:33 | Ancient Protector |
| 4:54 | Black Arrow |
| 5:10 | Ancient Protector |
| 5:13 | Archer |
| 5:14 | Strength of the Moon |
| 6:24 | Archer |
| 6:26 | Moon Armor |
| 6:39 | Wisp |
| 6:40 | Wisp |
| 6:43 | Ancient of Wind |
| 6:59 | Improved Bows |
| 7:02 | Wisp |
| 7:02 | Wisp |
| 7:06 | Moon Well |
| 7:09 | Wisp |
| 7:09 | Wisp |
| 7:09 | Wisp |
| 7:09 | Wisp |
| 7:09 | Wisp |
| 7:09 | Wisp |
| 7:33 | Silence |
| 8:28 | Hippogryph |
| 8:28 | Hippogryph |
| 8:28 | Hippogryph |
| 8:33 | Ancient of Wind |
| 8:47 | Ancient Protector |
| 8:51 | Wisp |
| 8:51 | Wisp |
| 8:54 | Ancient of Wonders |
| 8:55 | Improved Strength of the Moon |
| 9:00 | Archer |
| 9:00 | Archer |
| 9:25 | Hippogryph |
| 9:27 | Archer |
| 9:37 | Hippogryph |
| 9:37 | Hippogryph |
| 10:44 | Archer |
| 10:44 | Archer |
| 10:45 | Hippogryph |
| 11:11 | Scroll of Town Portal |
| 11:13 | Potion of Healing |
| 11:56 | Tree of Eternity |
| 11:59 | Moon Well |
| 12:00 | Improved Moon Armor |
| 12:24 | Black Arrow |
| 12:36 | Scroll of Town Portal |
| 13:22 | Hippogryph |
| 13:24 | Archer |
| 13:24 | Archer |
| 14:22 | Hippogryph |
| 14:22 | Hippogryph |
| 14:24 | Marksmanship |
| 14:24 | Archer |
| 14:24 | Archer |
| 14:26 | Advanced Moon Armor |
| 14:28 | Wisp |
| 14:58 | Ancient of War |
| 15:03 | Scroll of Town Portal |
| 15:05 | Archer |
| 15:05 | Archer |
| 15:07 | Archer |
| 15:26 | Hippogryph |
| 15:28 | Strength of the Wild |
| 15:28 | Reinforced Hides |
| 15:31 | Archer |
| 16:38 | Charm |
| 16:56 | Archer |
| 16:56 | Archer |
| 16:56 | Archer |
| 17:39 | Archer |
| 17:40 | Hippogryph |
| 17:44 | Well Spring |
| Right click | 638 |
| Select | 406 |
| Build/train/purchase | 99 |
| Use ability | 28 |
| Minimap ping | 7 |
| Remove unit | 6 |
| Item give/drop | 2 |


| Scroll of Town Portal | 3 | 1050 |
| total: | 3 | 1050g |
| Wisp | 15 | 900 | / | 0 |
| Archer | 22 | 2860 | / | 220 |
| total: | 37 | 3760g | / | 220w |
| Ancient Protector | 2 | 270 | / | 160 |
| Moon Well | 5 | 900 | / | 200 |
| Altar of Elders | 1 | 180 | / | 50 |
| Ancient of War | 2 | 300 | / | 120 |
| Hunter's Hall | 1 | 210 | / | 100 |
| Ancient of Wonders | 3 | 270 | / | 90 |
| Tree of Ages | 1 | 320 | / | 180 |
| total: | 14 | 2130g | / | 720w |
| 0:05 | Wisp |
| 0:09 | Moon Well |
| 0:15 | Wisp |
| 0:21 | Altar of Elders |
| 0:34 | Wisp |
| 0:36 | Ancient of War |
| 0:49 | Wisp |
| 1:04 | Wisp |
| 1:18 | Wisp |
| 1:32 | Moon Well |
| 1:37 | Wisp |
| 1:39 | Archer |
| 1:39 | Archer |
| 1:55 | Archer |
| 2:25 | Searing Arrows |
| 2:33 | Moon Well |
| 2:35 | Archer |
| 2:36 | Wisp |
| 3:16 | Archer |
| 3:34 | Archer |
| 3:44 | Hunter's Hall |
| 3:47 | Archer |
| 3:51 | Wisp |
| 4:12 | Archer |
| 5:02 | Ancient Protector |
| 5:07 | Tree of Ages |
| 5:13 | Moon Well |
| 5:14 | Archer |
| 5:46 | Strength of the Moon |
| 5:51 | Archer |
| 6:04 | Trueshot Aura |
| 6:28 | Ancient of Wonders |
| 6:46 | Moon Armor |
| 6:50 | Archer |
| 7:41 | Wisp |
| 7:58 | Scroll of Town Portal |
| 8:11 | Ancient of War |
| 8:15 | Wisp |
| 8:17 | Improved Strength of the Moon |
| 8:21 | Improved Bows |
| 8:41 | Moon Well |
| 8:47 | Archer |
| 9:32 | Forked Lightning |
| 9:47 | Archer |
| 10:07 | Trueshot Aura |
| 10:18 | Archer |
| 10:23 | Improved Moon Armor |
| 11:24 | Archer |
| 12:06 | Ancient of Wonders |
| 12:34 | Archer |
| 13:21 | Wisp |
| 13:24 | Archer |
| 13:42 | Ancient of Wonders |
| 13:45 | Wisp |
| 13:57 | Archer |
| 14:07 | Ancient Protector |
| 14:46 | Searing Arrows |
| 14:59 | Archer |
| 15:15 | Scroll of Town Portal |
| 15:29 | Frost Arrows |
| 15:36 | Scroll of Town Portal |
| 17:10 | Wisp |
| 17:10 | Wisp |
| 17:15 | Archer |
| 17:16 | Archer |
| 18:15 | Forked Lightning |
| 18:27 | Trueshot Aura |
| 18:55 | Archer |
| 19:00 | Starfall |
| Right click | 723 |
| Select | 228 |
| Build/train/purchase | 67 |
| Misc. action | 39 |
| Select group | 31 |
| Assign group | 30 |
| Use ability | 23 |
| Minimap ping | 3 |

| Healing Salve | 2 | 200 |
| Scroll of Town Portal | 3 | 1050 |
| Scroll of Healing | 1 | 250 |
| Potion of Lesser Invulnerability | 1 | 150 |
| Periapt of Vitality | 1 | 325 |
| The Lion Horn of Stormwind | 1 | 400 |
| total: | 9 | 2375g |
| Peon | 12 | 900 | / | 0 |
| Wind Rider | 19 | 5035 | / | 760 |
| Troll Witch Doctor | 1 | 145 | / | 25 |
| total: | 32 | 6080g | / | 785w |
| Watch Tower | 2 | 220 | / | 160 |
| Altar of Storms | 1 | 180 | / | 50 |
| Orc Burrow | 8 | 1280 | / | 320 |
| War Mill | 1 | 205 | / | 0 |
| Voodoo Lounge | 1 | 130 | / | 30 |
| Great Hall | 1 | 385 | / | 185 |
| Beastiary | 2 | 290 | / | 280 |
| Spirit Lodge | 1 | 150 | / | 150 |
| Stronghold | 3 | 945 | / | 570 |
| Fortress | 1 | 325 | / | 190 |
| total: | 17 | 2840g | / | 1175w |
| 0:03 | Peon |
| 0:04 | Peon |
| 0:09 | Altar of Storms |
| 0:20 | Orc Burrow |
| 0:25 | Peon |
| 0:45 | Peon |
| 0:51 | War Mill |
| 0:56 | Peon |
| 1:06 | Voodoo Lounge |
| 1:14 | Peon |
| 1:15 | Peon |
| 1:23 | Peon |
| 1:37 | Peon |
| 1:37 | Peon |
| 2:10 | War Stomp |
| 2:11 | Healing Salve |
| 2:20 | Stronghold |
| 2:21 | Stronghold |
| 3:12 | Orc Burrow |
| 3:18 | Orc Burrow |
| 3:29 | Watch Tower |
| 3:35 | Orc Burrow |
| 4:45 | Beastiary |
| 4:47 | Beastiary |
| 5:17 | Reinforced Defenses |
| 5:22 | Fortress |
| 6:05 | Wind Rider |
| 6:05 | Wind Rider |
| 6:14 | Wind Rider |
| 6:46 | Wind Rider |
| 7:06 | Wind Rider |
| 7:35 | Endurance Aura |
| 7:53 | Great Hall |
| 7:56 | Orc Burrow |
| 8:11 | Watch Tower |
| 8:41 | Spirit Lodge |
| 8:42 | Envenomed Spears |
| 8:55 | Orc Burrow |
| 9:27 | Scroll of Town Portal |
| 9:37 | War Stomp |
| 10:20 | Endurance Aura |
| 10:30 | Wind Rider |
| 10:30 | Wind Rider |
| 10:45 | Peon |
| 10:45 | Peon |
| 10:52 | Scroll of Town Portal |
| 10:57 | Healing Salve |
| 11:37 | Wind Rider |
| 11:38 | Wind Rider |
| 11:59 | Wind Rider |
| 12:34 | Scroll of Town Portal |
| 12:35 | Scroll of Healing |
| 12:41 | Wind Rider |
| 13:27 | Wind Rider |
| 13:27 | Wind Rider |
| 13:28 | Wind Rider |
| 13:31 | Wind Rider |
| 13:31 | Wind Rider |
| 13:31 | Wind Rider |
| 13:38 | Orc Burrow |
| 13:39 | Orc Burrow |
| 13:40 | Steel Ranged Weapons |
| 13:40 | Steel Armor |
| 14:21 | War Stomp |
| 14:29 | Wind Rider |
| 14:29 | Wind Rider |
| 14:31 | Troll Witch Doctor |
| 14:32 | Witch Doctor Adept Training |
| 14:40 | Potion of Lesser Invulnerability |
| 14:43 | Periapt of Vitality |
| 14:51 | Thorium Ranged Weapons |
| 15:42 | The Lion Horn of Stormwind |
| Select | 190 |
| Right click | 178 |
| Build/train/purchase | 88 |
| Select group | 71 |
| Misc. action | 55 |
| Use ability | 15 |
| Assign group | 10 |
| Item give/drop | 5 |
⇛